 Dungeon Sprint DCSS version 0.23.0-38-g208d714 (webtiles) character file.

Game seed: 1449008751053535725

29 Fang the Skirmisher (level 3, -5/24 HPs)
             Began as a Gargoyle Berserker on Feb 27, 2019.
             Was a Believer of Trog.
             Slain by a phantom (6 damage)
             ... in the Dungeon (Sprint III: "The Ten Rune Challenge").
             The game lasted 00:00:17 (213 turns).

Fang the Skirmisher (Gargoyle Berserker)             Turns: 213, Time: 00:00:17

Health: -5/24      AC:  5    Str: 21    XL:     3   Next: 16%
Magic:  3/3        EV: 12    Int:  7    God:    Trog [**....]
Gold:   13         SH:  0    Dex:  9    Spells: 2/2 levels left

rFire    . . .     SeeInvis .   a - +0 hand axe
rCold    . . .     Gourm    .   (no shield)
rNeg     + . .     Faith    .   b - +0 animal skin
rPois    ∞         Spirit   .   (no helmet)
rElec    +         Reflect  .   (no cloak)
rCorr    .         Harm     .   (no gloves)
MR       .....     NoTele   +   (no boots)
Stlth    +.........             (no amulet)
HPRegen  0.08/turn              (no ring)
MPRegen  0.08/turn              (no ring)

@: very slow
A: negative energy resistance 1, electricity resistance, unbreathing,
petrification resistance, rot immunity, AC +3
a: Berserk, Trog's Hand, Renounce Religion


You were in the Dungeon.
You worshipped Trog.
Trog was pleased with you.
You were not hungry.

You visited 1 branch You collected 13 gold pieces.

Inventory:

Hand Weapons
 a - a +0 hand axe (weapon)
Armour
 b - a +0 animal skin (worn)
Scrolls
 i - a scroll of blinking
Potions
 d - a potion of curing
 e - a potion of heal wounds
 f - a potion of haste
 g - 2 potions of magic
 h - a potion of berserk rage
Comestibles
 c - a ration
 j - a chunk of flesh


   Skills:
 + Level 4.6 Fighting
 + Level 3.8 Axes
 + Level 3.9 Armour
 + Level 2.9 Dodging


You had 2 spell levels left.
You didn't know any spells.
Your spell library was empty.

Dungeon Overview and Level Annotations

Branches:
Dungeon (1/1)

Altars:


Innate Abilities, Weirdness & Mutations

You are resistant to torment.
Your stone body is resilient. (AC +3)
You are immune to poison.
You resist negative energy. (rN+)
You are resistant to electric shocks. (rElec)
You can survive without breathing.
You are immune to petrification.
You are immune to rotting.


Message History

You are too injured to fight recklessly!
Your unstable footing causes you to fumble your attack.
The phantom hits you.
* * * LOW HITPOINT WARNING * * *
The phantom blinks!
You swing at nothing.
You swing at nothing.
You swing at nothing.
Your unstable footing causes you to fumble your attack.
The phantom hits you but does no damage.
Your unstable footing causes you to fumble your attack.
The phantom closely misses you.
You hit the phantom but do no damage.
The phantom is moderately damaged.
The phantom hits you.
* * * LOW HITPOINT WARNING * * *
You hit the phantom.
The phantom is almost destroyed.
The phantom hits you.
You die...

▓▓▓▓ ▓▓▓▓▓ ▓<.#
+...♣♣♣ ▓..#
#.....♣♣
▓#'####......♣
▓.....#....≈♣
▓.....#...≈≈♣♣♣♣♣.#
▓.....#..W≈≈≈.♣...+
▓####'#..@≈≈≈≈≈♣♣.#
▓(....#.≈≈≈≈≈≈....#
▓...÷.#.≈≈≈≈≈.....#
▓.....#.≈≈≈.......#
▓'#####...........#
▓.................#
▓▓▓▓▓▓▓▓▓▓▓▓▓▓▓▓▓▓▓


You could see a phantom.

Vanquished Creatures
  A human (D)
  2 oozes (D)
  2 rats (D)
5 creatures vanquished.

Vanquished Creatures (others)
  2 draconian scorchers (D)
  5 hellions (D)
  A yaktaur (D)
8 creatures vanquished.

Grand Total: 13 creatures vanquished

Notes
Turn   | Place    | Note
-------+----------+-------------------------------------------
     0 | D        | Fang the Gargoyle Berserker began the quest for the Orb.
     0 | D        | Reached XP level 1. HP: 14/14 MP: 1/1
     9 | D        | Reached skill level 4 in Fighting
     9 | D        | Reached XP level 2. HP: 14/20 MP: 2/2
    85 | D        | Killed a yaktaur
    87 | D        | Reached ** piety under Trog
   107 | D        | Killed a hellion
   112 | D        | Reached XP level 3. HP: 24/24 MP: 3/3
   121 | D        | Killed a hellion
   122 | D        | Killed a hellion
   122 | D        | Killed a hellion
   128 | D        | Killed a hellion
   134 | D        | Killed a white draconian scorcher
   143 | D        | Killed a white draconian scorcher
   212 | D        | HP: 1/24 [phantom (6)]
   213 | D        | Slain by a phantom

Skill      XL: |  1 |
---------------+----+-----
Axes           | 3 |  3.8
Dodging        | 2 |  2.9
Fighting       | 4 |  4.6
Armour         | 3 |  3.9

Action                   || total
-------------------------++-------
Melee: Hand axe          ||    32
Invok: Berserk           ||     1
 Stab: Sleeping          ||     1
Armor: Animal skin       ||     5
Dodge: Dodged            ||    17
